 Dungeon Crawl Stone Soup version 0.21-a0-621-gc60411f (webtiles) character file.

7 Amnesiac the Insei (level 2, -2/18 HPs)
             Began as an Octopode Transmuter on Dec 23, 2017.
             Slain by a goblin
             ... wielding a +0 club
              (3 damage)
             ... on level 2 of the Dungeon.
             The game lasted 00:00:28 (100 turns).

Amnesiac the Insei (Octopode Transmuter)             Turns: 100, Time: 00:00:29

Health: -2/18      AC:  1    Str:  9    XL:     2   Next: 4%
Magic:  5/5        EV: 13    Int: 15    God:
Gold:   0          SH:  0    Dex: 12    Spells: 4/5 levels left

rFire    . . .     SeeInvis .     - Unarmed
rCold    . . .     Gourm    .   (no shield)
rNeg     . . .     Faith    .   (helmet restricted)
rPois    .         Spirit   .   (no amulet)
rElec    .         Reflect  .   (no ring)
rCorr    .         Harm     .   (no ring)
MR       .....                  (no ring)
Stlth    ++........             (no ring)
HPRegen  0.06/turn              (no ring)
MPRegen  0.09/turn              (no ring)
                                (no ring)
                                (no ring)

@: no status effects
A: almost no armour, stealthy swim, amphibious, 8 rings, constrict 8, camouflage
1, gelatinous body 1
a: no special abilities


You were on level 2 of the Dungeon.
You were not hungry.

You visited 1 branch of the dungeon, and saw 2 of its levels.

Inventory:

Missiles
 a - 12 arrows
Books
 b - a book of Changes

   Spells                             Type                      Level
   a - Beastly Appendage              Transmutation                1
   b - Sticks to Snakes               Transmutation                2
   c - Spider Form                    Transmutation/Poison         3
   d - Ice Form                       Ice/Transmutation            4
   e - Blade Hands                    Transmutation                5
Comestibles
 c - a ration
 d - 3 chunks of flesh


   Skills:
 + Level 1.5 Fighting
 - Level 2.0 Dodging
 - Level 3.0 Unarmed Combat
 - Level 2.0 Spellcasting
 + Level 2.3 Transmutations


You had 4 spell levels left.
You knew the following spells:

 Your Spells              Type           Power        Failure   Level  Hunger
a - Beastly Appendage     Tmut           #.....       9%          1    #......


Dungeon Overview and Level Annotations

Branches:
Dungeon (2/15)

Altars:


Innate Abilities, Weirdness & Mutations

You cannot wear most types of armour.
You are very stealthy in the water. (Stealth+)
You are amphibious.
You can wear up to eight rings at the same time.
You can use your tentacles to constrict eight enemies at once.
Your skin changes colour to match your surroundings (Stealth+).
Your rubbery body absorbs attacks. (AC +1, EV +1)


Message History

A rat is nearby!
You tentacle-slap the rat.
You kill the rat!
You butcher the rat corpse.
d - 3 chunks of flesh (gained 1)
A kobold comes into view.
A kobold is nearby!
Found a shield.
A kobold is nearby!
The kobold misses you.
A kobold is nearby!
You tentacle-slap the kobold.
You kill the kobold!
A goblin, a hobgoblin and a kobold come into view.
Found 16 arrows.
There are monsters nearby!
A dart slug comes into view.
The goblin shouts!
The hobgoblin shouts!
The kobold throws a stone.
The stone hits you.
* * * LOW HITPOINT WARNING * * *
You see here a stone.
There are monsters nearby!
A bat comes into view.
There are monsters nearby!
A goblin comes into view. It is wielding a club.
The hobgoblin barely misses you.
The kobold throws a stone.
The stone hits you but does no damage. The goblin hits you with a club.
* * * LOW HITPOINT WARNING * * *
You see here a stone.
There are monsters nearby!
You are too injured to fight recklessly!
The bat misses you.
The kobold throws a stone.
The stone closely misses you. The bat hits you but does no damage.
You see here a stone.
The bat hits you but does no damage.
You closely miss the bat. You grab the bat. You constrict the bat.
The bat barely misses you. The bat hits you but does no damage.
A bat comes into view.
You closely miss the bat.
The bat is moderately wounded.
You constrict the bat, but do no damage.
The bat hits you but does no damage.
You tentacle-slap the bat.
You kill the bat!
You have reached level 2!
The goblin closely misses you.
You barely miss the goblin. The goblin hits you with a club.
* * * LOW HITPOINT WARNING * * *
You see here a shield.
There is a stone staircase leading down here.
The goblin hits you with a club.
* * * LOW HITPOINT WARNING * * *
You climb downwards.
There is a stone staircase leading up here.
You tentacle-slap the goblin. You grab the goblin.
The goblin is moderately wounded.
You constrict the goblin. The goblin barely misses you.
The goblin hits you with a club.
* * * LOW HITPOINT WARNING * * *
You tentacle-slap the goblin but do no damage.
You constrict the goblin.
You kill the goblin!
The goblin hits you with a club.
You die...

.......
.......
.......
.......##
........#
........#
......).#
.......@#
.......g#
.......##
#.....#
......
......
.....
.....


You could see a goblin.

Vanquished Creatures
  2 goblins
  A hobgoblin (D:1)
  A kobold (D:1)
  A bat (D:1)
  3 rats (D:1)
8 creatures vanquished.

Notes
Turn   | Place    | Note
-------+----------+-------------------------------------------
     0 | D:1      | Amnesiac the Octopode Transmuter began the quest for the Orb.
     0 | D:1      | Reached XP level 1. HP: 13/13 MP: 3/3
    83 | D:1      | Reached XP level 2. HP: 4/18 MP: 5/5
   100 | D:2      | Slain by a goblin

Vault maps used:
D:1:      lightli_iron_boxes
D:2:      lemuel_round_altar, uniq_sigmund

Action                   || total
-------------------------++-------
Melee: Unarmed           ||    17
       Constrict         ||     4
       Tentacles         ||     1
 Cast: Beastly Appendage ||     1
Armor: Skin              ||     4
Dodge: Dodged            ||    13

Table legend:
 A = Spawn XP
 B = Non-spawn XP
 C = Spawn XP percentage of total XP
 D = Spawn monster count
 E = Non-spawn monster count
 F = Spawn count percentage of total count
 G = Total turns spent on level
                    A         B        C        D         E        F      G
               +---------+---------+-------+---------+---------+-------+---------
         Total |       0 |      11 |   0.0 |       0 |       8 |   0.0 |   100
               +---------+---------+-------+---------+---------+-------+---------
           D:1 |       0 |      10 |   0.0 |       0 |       7 |   0.0 |    98
           D:2 |       0 |       1 |   0.0 |       0 |       1 |   0.0 |     2
               +---------+---------+-------+---------+---------+-------+---------
